 Dungeon Crawl Stone Soup version 0.21.0-3-g78d12a8 (webtiles) character file.

137 Ignatius881 the Magician (level 5, -1/28 HPs)
             Began as a Deep Elf Wizard on Jan 11, 2018.
             Slain by a hound (4 damage)
             ... on level 4 of the Dungeon.
             The game lasted 00:07:08 (3213 turns).

Ignatius881 the Magician (Deep Elf Wizard)          Turns: 3213, Time: 00:07:08

Health: -1/28      AC:  2    Str:  4    XL:     5   Next: 0%
Magic:  6/15       EV: 13    Int: 24    God:
Gold:   178        SH:  0    Dex: 18    Spells: 5/16 levels left

rFire    . . .     SeeInvis .   (no weapon)
rCold    . . .     Gourm    .   (no shield)
rNeg     . . .     Faith    .   a - +0 robe
rPois    .         Spirit   .   b - +0 hat
rElec    .         Reflect  .   (no cloak)
rCorr    .         Harm     .   (no gloves)
MR       .....                  (no boots)
Stlth    +++.......             (no amulet)
HPRegen  0.09/turn              j - ring of stealth
MPRegen  0.14/turn              l - +5 ring of dexterity

@: no status effects
A: no striking features
a: no special abilities


You were on level 4 of the Dungeon.
You were hungry.

You visited 1 branch of the dungeon, and saw 4 of its levels.

You collected 178 gold pieces.

Inventory:

Missiles
 d - 124 stones (quivered)
Armour
 a - a +0 robe (worn)
 b - a +0 hat (worn)
 r - a +0 cloak
   (You found it on level 3 of the Dungeon)
Jewellery
 j - a ring of stealth (left hand)
   (You found it on level 1 of the Dungeon)
 l - a +5 ring of dexterity (right hand)
   (You found it on level 1 of the Dungeon)
 m - an uncursed ring of positive energy
   (You took it off a kobold on level 2 of the Dungeon)
 p - an uncursed amulet of the gourmand {unknown}
   (You found it on level 4 of the Dungeon)
Scrolls
 f - a scroll of magic mapping
 h - a scroll of fear {unknown}
 i - 2 scrolls of amnesia
 n - a scroll of immolation {!r}
 t - a scroll of teleportation {unknown}
 v - a scroll of enchant weapon {unknown}
Potions
 g - 2 potions of might {unknown}
 k - a potion of berserk rage {unknown}
 o - a potion of ambrosia {unknown}
 q - a potion of heal wounds {unknown}
 u - 3 potions of haste {unknown}
 w - 2 potions of flight {unknown}
 z - a potion of agility {unknown}
 A - 2 potions of mutation {unknown}
Books
 c - a book of Minor Magic
Comestibles
 e - 5 rations


   Skills:
 - Level 2.4 Dodging
 - Level 2.4 Stealth
 + Level 6.3 Spellcasting
 + Level 3.8 Conjurations
 - Level 1.1 Summonings
 - Level 1.1 Translocations


You had 5 spell levels left.
You knew the following spells:

 Your Spells              Type           Power        Failure   Level  Hunger
a - Magic Dart            Conj           ####         1%          1    None
b - Blink                 Tloc           N/A          8%          2    None
c - Call Imp              Summ           ##......     8%          2    None
d - Conjure Flame         Conj/Fire      ###.....     11%         3    None
e - Mephitic Cloud        Conj/Pois/Air  ##......     14%         3    None


Dungeon Overview and Level Annotations

Branches:
Dungeon (4/15)
 Temple: D:4-7

Altars:
Dithmenos
Qazlal

Shops:
D:4 :


Message History

The gnoll closely misses your crimson imp. x2
Your crimson imp completely misses the gnoll.
Your crimson imp barely misses the gnoll.
The gnoll hits your crimson imp.
The gnoll hits your crimson imp but does no damage.
Your crimson imp hits the gnoll but does no damage.
Your crimson imp hits the gnoll.
A beastly little devil appears in a puff of frigid air.
The gnoll barely misses your crimson imp. x2
Your crimson imp hits the gnoll. x2
The gnoll completely misses your crimson imp. x2
The gnoll barely misses your crimson imp.
The crimson imp blinks!
Your crimson imp hits the gnoll.
The gnoll dies!
You have reached level 5!
Your crimson imp blinks!
Your white imp closely misses the hound.
The gnoll hits your crimson imp with a spear.
Your crimson imp closely misses the gnoll.
Aim: a hound The magic dart hits the hound.
The hound bites you.
The gnoll barely misses your crimson imp.
The gnoll hits you from afar with a halberd.
The hound closely misses you.
Your crimson imp closely misses the gnoll.
Aim: a hound The magic dart hits the hound.
Your white imp gestures at the crimson imp.
The puff of frost hits the crimson imp.
The crimson imp is frozen!
The hound barely misses you.
The gnoll hits your crimson imp with a spear!
The crimson imp barely misses your white imp.
Your crimson imp misses the hound.
The gnoll hits you from afar with a halberd!
* * * LOW HITPOINT WARNING * * *
Your crimson imp completely misses the gnoll.
An iguana comes into view.
Your white imp hits the crimson imp.
Your white imp freezes the crimson imp.
The crimson imp is frozen!
The gnoll closely misses your crimson imp.
The crimson imp hits your white imp.
Your crimson imp blinks!
The hound bites you.
* * * LOW HITPOINT WARNING * * *
Your crimson imp blinks!
Aim: a hound (lightly wounded)
The magic dart hits the hound.
Your white imp completely misses the crimson imp.
The hound bites you.
You die...

##### ##### ##≈≈≈#
##...# #####≈≈≈≈≈
###..#.###....≈≈∩≈≈
#.............≈≈.≈≈
###..............≈.≈#
#.##..................##
........###..#####.####
.....##@# ##.####..#
..## #h# #...#...##
........# ###...#..#
....†g5§# #....#.#
.#..g5.## #..#..#.#
......( #..##...####
....... #...##.......
...l... ....###......
....... #....# #......


You could see an iguana, a hound, 2 gnolls, a crimson imp and a friendly white
imp.

Vanquished Creatures
  An iguana (D:4)
  3 adders
  An ooze (D:3)
  4 worms
  A dart slug (D:3)
  2 leopard geckos
  2 orcs (D:3)
  2 ball pythons (D:3)
  3 giant cockroaches
  7 goblins
  8 hobgoblins
  9 bats
  7 frilled lizards
  6 kobolds
  4 rats
60 creatures vanquished.

Vanquished Creatures (collateral kills)
  A gnoll (D:4)
  A worm (D:4)
2 creatures vanquished.

Grand Total: 62 creatures vanquished

Notes
Turn   | Place    | Note
-------+----------+-------------------------------------------
     0 | D:1      | Ignatius881 the Deep Elf Wizard began the quest for the Orb.
     0 | D:1      | Reached XP level 1. HP: 10/10 MP: 7/7
   313 | D:1      | Reached XP level 2. HP: 15/15 MP: 1/9
   384 | D:1      | Learned a level 2 spell: Blink
   387 | D:1      | Learned a level 2 spell: Call Imp
   905 | D:1      | Reached skill level 5 in Spellcasting
  1327 | D:2      | Reached XP level 3. HP: 10/19 MP: 6/11
  1683 | D:2      | Learned a level 3 spell: Conjure Flame
  1687 | D:2      | Learned a level 3 spell: Mephitic Cloud
  2268 | D:3      | Reached XP level 4. HP: 24/24 MP: 10/13
  2337 | D:3      | Found a stormy altar of Qazlal.
  2675 | D:3      | Found a shadowy altar of Dithmenos.
  2702 | D:3      | Reached skill level 6 in Spellcasting
  3178 | D:4      | Found Esmaiss's Book Shop.
  3208 | D:4      | Reached XP level 5. HP: 28/28 MP: 9/15
  3213 | D:4      | Slain by a hound

Skill      XL: |  1  2  3  4 |
---------------+-------------+-----
Conjurations   | 2 3 |  3.8
Spellcasting   | 5 6 |  6.3
Dodging        | |  2.4
Stealth        | |  2.4
Summonings     | |  1.1
Translocations | |  1.1

Action                   |  1- 3 |  4- 6 || total
-------------------------+-------+-------++-------
 Cast: Magic Dart        |    97 |    54 ||   151
       Call Imp          |       |     5 ||     5
  Use: Scroll            |     1 |     4 ||     5
  Eat: Chunk             |     4 |     2 ||     6
Armor: Robe              |     1 |       ||     1
Dodge: Dodged            |     7 |     3 ||    10
